 Dungeon Crawl Stone Soup version 0.22-a0-247-gbddf880 (webtiles) character file.

118566 kuniqs the Blocker (level 16, -6/154 HPs)
             Began as a Deep Dwarf Fighter on Feb 24, 2018.
             Was the Champion of Makhleb.
             Splashed by an oklob plant's acid (9 damage)
             ... on level 1 of the Snake Pit.
             The game lasted 00:39:53 (20654 turns).

kuniqs the Blocker (Deep Dwarf Fighter)            Turns: 20654, Time: 00:39:53

Health: -6/154     AC:  0    Str: 27    XL:     16   Next: 25%
Magic:  10/10      EV: 22    Int: 11    God:    Makhleb [******]
Gold:   1214       SH: 19    Dex: 16    Spells: 15/15 levels left

rFire    + . .     SeeInvis .   s - +1 hand axe (elec)
rCold    . . .     Gourm    .   C - +2 shield
rNeg     + + .     Faith    .   k - +4 scale mail "Arastrug" {Dex+4}
rPois    +         Spirit   .   B - +1 helmet
rElec    .         Reflect  +   T - +2 cloak
rCorr    .         Harm     .   O - +2 pair of gloves
MR       ++...     Clarity  +   (no boots)
Stlth    +.........             R - +3 amulet of reflection
HPRegen  0.00/turn              g - ring "Igi Mirirgh" {*Corrode rPois rF+ rN+ Int+2}
MPRegen  0.12/turn              h - +2 ring of evasion

@: corroded, non-regenerating
A: damage resistance, heal wounds, camouflage 1, clarity, deterioration 1,
negative energy resistance 1, sense surroundings 2, no regeneration
a: Heal Wounds, Minor Destruction, Lesser Servant of Makhleb, Major Destruction,
Greater Servant of Makhleb, Renounce Religion


You were on level 1 of the Snake Pit.
You worshipped Makhleb.
Makhleb was exalted by your worship.
You were not hungry.

You visited 5 branches of the dungeon, and saw 25 of its levels.
You also visited: Ossuary.

You collected 2594 gold pieces.
You spent 1380 gold pieces at shops.

Inventory:

Hand Weapons
 s - a +1 hand axe of electrocution (weapon)
 F - a +1 scimitar of flaming
Armour
 k - the +4 scale mail "Arastrug" (worn) {Dex+4}
   (You found it on level 6 of the Dungeon)

   It affects your dexterity (+4).
 B - a +1 helmet (worn)
 C - a +2 shield (worn)
 O - a +2 pair of gloves (worn)
 T - a +2 cloak (worn)
Jewellery
 g - the ring "Igi Mirirgh" (left hand) {*Corrode rPois rF+ rN+ Int+2}
   (You found it on level 4 of the Dungeon)

   [ring of intelligence]

   It affects your intelligence (+2).
   It protects you from fire.
   It protects you from poison.
   It protects you from negative energy.
   It may corrode you when you take damage.
 h - a +2 ring of evasion (right hand)
 M - an uncursed ring of ice
 R - a +3 amulet of reflection (around neck)
Wands
 o - a wand of polymorph (23)
 A - a wand of flame (130)
 H - a wand of acid (22)
 J - a wand of random effects (31)
 P - a wand of enslavement (17)
 Q - a wand of disintegration (19)
 S - a wand of digging (10)
 X - a wand of iceblast (4)
Scrolls
 b - 2 scrolls of magic mapping
 m - 6 scrolls of immolation
 p - 2 scrolls of enchant weapon
 q - 2 scrolls of blinking
 u - 3 scrolls of remove curse {@r2}
 x - 2 scrolls of fog
 y - 5 scrolls of teleportation
 E - 3 scrolls of enchant armour
 I - 2 scrolls of fear
 L - 2 scrolls of holy word {unknown}
 N - a scroll of silence {unknown}
Potions
 a - a potion of berserk rage
 d - 5 potions of might
 e - 5 potions of mutation
 i - 2 potions of resistance
 j - 6 potions of heal wounds
 l - 2 potions of cancellation
 n - 2 potions of curing {@q1}
 v - 9 potions of lignification
 w - 5 potions of haste
 z - 12 potions of agility
 D - 5 potions of flight
 G - a potion of ambrosia
 K - a potion of invisibility
Comestibles
 c - 4 chunks of flesh
 f - 49 rations


   Skills:
 + Level 12.4 Fighting
 + Level 14.2 Axes
 + Level 14.3 Armour
 + Level 14.1 Dodging
 + Level 14.4 Shields
 - Level 6.0 Invocations


You had 15 spell levels left.
You didn't know any spells.

Dungeon Overview and Level Annotations

Branches:
Dungeon (15/15)            Temple (1/1) D:4            Lair (6/6) D:9
  Swamp (0/4) Lair:2        Snake (1/4) Lair:3        Slime (0/5) Lair:5
    Orc (2/2) D:12            Elf (0/3) Orc:2        Vaults (0/5) D:14
 Depths (0/5) D:15

Altars:
Ashenzari
Dithmenos
Fedhas
Gozag
Kikubaaqudgha
Makhleb
Nemelex Xobeh
Okawaru
Sif Muna
Trog
Uskayaw
Vehumet
Wu Jian
Yredelemnul
Zin
Beogh

Shops:
D:10 =   D:13 *   D:14 }   Orc:2 *![*![(!}

Annotations:
Snake:1 exclusion: 4 oklob plants


Innate Abilities, Weirdness & Mutations

You are resistant to damage.
You can heal yourself by infusing magical energy.
You resist negative energy. (rN+)
You passively map the area around you.
You do not regenerate.
Your skin changes colour to match your surroundings (Stealth+).
You possess an exceptional clarity of mind.
Your body sometimes deteriorates upon taking damage.


Message History

The splash of acid hits you! The acid corrodes you!
You are splashed with acid!
The acid burns!
Aim: an oklob plant (heavily damaged)
The mass of ice explodes!
The iceblast engulfs the oklob plant. x2
The iceblast engulfs the plant.
The oklob plant spits acid at you. The splash of acid hits you!
* * * LOW HITPOINT WARNING * * *
You are splashed with acid!
The acid burns!
* * * LOW HITPOINT WARNING * * *
The oklob plant spits acid at you. The splash of acid hits you!
* * * LOW HITPOINT WARNING * * *
You are splashed with acid!
The acid burns!
* * * LOW HITPOINT WARNING * * *
The oklob plant spits acid at you. The splash of acid hits you!
* * * LOW HITPOINT WARNING * * *
You are splashed with acid!
The acid burns!
You die...

#..................##
#.............###.##
##..........### #.###
#.....###..## #.#..
#......##..# #.#..
#.......#..# #.#..
#.......#..######.#..
#.......#.........#..
####@#########.####..
#P≈≈.....≈≈P#....# #..
#P≈.......≈P#....# #..
#P≈.......≈P####.####..
#P≈.......≈P# #....[..
#P≈.......≈P# #<.)....
#P≈≈.....≈≈P# #.......
#####..(##### ######..
> ###


You could see 4 oklob plants.

Vanquished Creatures
  Donald (Snake:1)
  An orc warlord (Orc:1)
  2 entropy weavers (Lair:6)
  Azrael (Snake:1)
  2 dire elephants
  A fire dragon (D:13)
  Josephine (D:13)
  Erolcha (Orc:2)
  Fannar (D:10)
  2 rakshasas (D:15)
  An anaconda (Snake:1)
  8 hydras
  A merfolk avatar (Lair:6)
  3 centaur warriors
  Erica (D:8)
  2 dancing weapons (D:14)
  14 two-headed ogres
  An ogre mage (D:15)
  A tengu warrior (D:13)
  A queen ant (Lair:6)
  A naga sharpshooter (Snake:1)
  The ghost of Karim the Magician, a novice GnWr of Hepliaklqana (D:8)
  A shock serpent (Snake:1)
  Nergalle (Orc:2)
  4 skeletal warriors (D:13)
  2 unseen horrors
  The ghost of Conn321 the Sneak, a novice OpCj (D:7)
  The ghost of George the Slasher, a novice MiFi of Makhleb (D:6)
  A wolf spider zombie (D:13)
  4 orc knights
  16 ugly things
  2 deep elf magi (D:15)
  11 orc sorcerers
  A wolf spider (D:14)
  4 salamanders
  3 cyclopes
  4 manticores
  16 elephants
  2 naga magi (Snake:1)
  Maurice (D:11)
  Psyche (D:9)
  6 black mambas
  A spiny frog (shapeshifter) (D:13)
  5 gargoyles
  12 spiny frogs
  2 rime drakes (Lair:6)
  8 komodo dragons
  2 yaktaurs (D:15)
  2 tengu conjurers (D:13)
  A redback zombie (D:14)
  7 trolls
  3 meliai (D:14)
  3 polar bears
  A hornet (D:13)
  A wind drake (Lair:6)
  5 dream sheep (Lair:5)
  A harpy skeleton (D:15)
  2 slime creatures (D:15)
  13 blink frogs
  14 hippogriffs
  Sigmund (D:5)
  A human (D:11)
  2 shadows
  Eustachio (D:4)
  3 hogs (D:11)
  A vampire (D:15)
  5 wyverns
  A steam dragon (D:11)
  7 wraiths
  A human (shapeshifter) (D:13)
  38 yaks
  A fire elemental (Snake:1)
  2 hungry ghosts
  A vampire mosquito (D:14)
  Menkaure (D:4)
  6 wargs
  8 nagas
  21 soldier ants
  Edmund (D:5)
  3 acid dragons
  3 hell hounds (Snake:1)
  15 water moccasins
  11 porcupines
  4 ice beasts
  29 orc warriors
  A sky beast (D:5)
  A phantom (D:8)
  A necrophage (D:10)
  18 ogres
  2 eyes of draining
  6 centaurs
  4 boggarts (D:15)
  A wolf (D:9)
  12 crocodiles
  2 big kobolds
  A gnoll sergeant (D:10)
  17 bullfrogs
  A wyvern skeleton (D:12)
  A scorpion (D:6)
  5 killer bees (D:12)
  9 wights
  4 howler monkeys
  6 crimson imps
  5 centaur zombies
  2 quasits (D:13)
  A bullfrog zombie (D:9)
  4 jellies
  14 hounds
  2 human zombies (Ossuary)
  16 orc priests
  7 centaur skeletons
  A bullfrog skeleton (D:9)
  10 iguanas
  34 orc wizards
  32 worker ants
  2 hound zombies
  A hound skeleton (D:5)
  2 mummies (Ossuary)
  A worker ant zombie (D:9)
  7 gnolls
  A howler monkey skeleton (D:5)
  6 adders
  7 shadow imps
  An ooze (D:6)
  2 adder skeletons
  4 worms
  2 dart slugs
  10 leopard geckos
  84 orcs
  6 bats
  3 giant cockroaches
  15 hobgoblins
  6 jackals
  6 quokkas
  2 ball pythons
  11 frilled lizards
  24 goblins
  2 goblin zombies (Ossuary)
  12 hobgoblin zombies (Ossuary)
  A jackal zombie (Ossuary)
  17 kobolds
  9 kobold zombies (Ossuary)
  9 orc zombies (Ossuary)
  6 rats
  A rat zombie (Ossuary)
  5 fungi
  7 plants
872 creatures vanquished.

Vanquished Creatures (collateral kills)
  Gastronok (Lair:2)
  A black mamba (Lair:2)
  A spiny frog (Lair:2)
  2 yaks (Lair:2)
5 creatures vanquished.

Vanquished Creatures (others)
  A cyclops (Orc:2)
  A manticore (D:11)
  A wizard (D:4)
  A yaktaur (D:15)
  A tengu conjurer (D:13)
  2 centaurs (D:13)
  3 orcs
  5 bushes (Lair:6)
  17 fungi
  30 plants
62 creatures vanquished.

Grand Total: 939 creatures vanquished

Notes
Turn   | Place    | Note
-------+----------+-------------------------------------------
     0 | D:1      | kuniqs the Deep Dwarf Fighter began the quest for the Orb.
     0 | D:1      | Reached XP level 1. HP: 20/20 MP: 1/1
   114 | D:1      | Found a shattered altar of Ashenzari.
   139 | D:1      | Reached XP level 2. HP: 24/27 MP: 2/2
   304 | D:1      | Reached skill level 1 in Dodging
   411 | D:1      | Reached XP level 3. HP: 33/33 MP: 2/2
  1142 | D:2      | Reached XP level 4. HP: 31/42 MP: 3/3
  1348 | D:3      | Found a blossoming altar of Fedhas.
  1360 | D:3      | Noticed a hippogriff
  1376 | D:3      | Killed a hippogriff
  1376 | D:3      | Reached XP level 5. HP: 36/49 MP: 4/4
  1417 | D:3      | Reached XP level 6. HP: 39/56 MP: 5/5
  1433 | D:3      | Found a radiant altar of Vehumet.
  1991 | D:4      | Noticed Menkaure
  1996 | D:4      | Killed Menkaure
  1996 | D:4      | Reached XP level 7. HP: 55/64 MP: 5/5
  2028 | D:4      | Found a staircase to the Ecumenical Temple.
  2037 | Temple   | Entered the Ecumenical Temple
  2061 | Temple   | Became a worshipper of Makhleb the Destroyer
  2572 | D:4      | Found a bloodstained altar of Trog.
  2574 | D:4      | Noticed a wizard
  2579 | D:4      | Killed a wizard
  2613 | D:4      | Got a bound wooden ring
  2632 | D:4      | Identified the ring "Igi Mirirgh" {*Corrode rPois rF+ rN+ Int+2} (You found it on level 4 of the Dungeon)
  2661 | D:4      | Reached skill level 1 in Invocations
  2807 | D:4      | Noticed Eustachio
  2859 | D:4      | Killed Eustachio
  2859 | D:4      | Reached skill level 5 in Armour
  2859 | D:4      | Reached skill level 5 in Shields
  2942 | D:5      | Entered Level 5 of the Dungeon
  2957 | D:5      | Found a sand-covered staircase.
  2962 | Ossuary  | Entered an ossuary
  2973 | Ossuary  | Reached * piety under Makhleb
  3089 | Ossuary  | Reached ** piety under Makhleb
  3334 | D:5      | Reached XP level 8. HP: 73/73 MP: 5/7
  3423 | D:5      | Reached skill level 5 in Axes
  3660 | D:5      | Noticed Edmund
  3675 | D:5      | Killed Edmund
  3695 | D:5      | Noticed Sigmund
  3702 | D:5      | Killed Sigmund
  3822 | D:6      | Reached skill level 5 in Fighting
  3839 | D:6      | Reached skill level 5 in Dodging
  3961 | D:6      | Got a faintly humming scale mail
  3972 | D:6      | Identified the +4 scale mail "Arastrug" {Dex+4} (You found it on level 6 of the Dungeon)
  4187 | D:6      | Found a glowing silver altar of Zin.
  4197 | D:6      | Noticed George's ghost (novice MiFi)
  4208 | D:6      | Killed George's ghost
  4208 | D:6      | Reached skill level 5 in Invocations
  4208 | D:6      | Gained mutation: You passively map the area around you. [Deep Dwarf growth]
  4208 | D:6      | Reached XP level 9. HP: 73/81 MP: 9/9
  4210 | D:6      | Found a shattered altar of Ashenzari.
  4268 | D:6      | Gained mutation: Armour fits poorly on your strangely shaped body. [potion of mutation]
  4268 | D:6      | Gained mutation: You are robust. (+10% HP) [potion of mutation]
  4268 | D:6      | Gained mutation: You evolve. [potion of mutation]
  4269 | D:6      | Lost mutation: Armour fits poorly on your strangely shaped body. [potion of mutation]
  4269 | D:6      | Lost mutation: You are robust. (+10% HP) [potion of mutation]
  4269 | D:6      | Lost mutation: You evolve. [potion of mutation]
  4269 | D:6      | Gained mutation: You are agile. (Dex +2) [potion of mutation]
  4269 | D:6      | Gained mutation: You have a pair of small antennae on your head. [potion of mutation]
  4269 | D:6      | Gained mutation: You have a beak for a mouth. [potion of mutation]
  4269 | D:6      | Gained mutation: You possess an exceptional clarity of mind. [potion of mutation]
  4270 | D:6      | Lost mutation: You have a pair of small antennae on your head. [potion of mutation]
  4270 | D:6      | Lost mutation: You possess an exceptional clarity of mind. [potion of mutation]
  4270 | D:6      | Lost mutation: You are agile. (Dex +2) [potion of mutation]
  4270 | D:6      | Gained mutation: You are somewhat resistant to further mutation. [potion of mutation]
  4271 | D:6      | Lost mutation: You are somewhat resistant to further mutation. [potion of mutation]
  4271 | D:6      | Lost mutation: You have a beak for a mouth. [potion of mutation]
  4271 | D:6      | Gained mutation: Your skin changes colour to match your surroundings (Stealth+). [potion of mutation]
  4271 | D:6      | Gained mutation: You possess an exceptional clarity of mind. [potion of mutation]
  4551 | D:7      | Found a basalt altar of Yredelemnul.
  4755 | D:7      | Noticed Conn321's ghost (novice OpCj)
  4766 | D:7      | Reached *** piety under Makhleb
  4771 | D:7      | Killed Conn321's ghost
  5453 | D:8      | Found an opulent altar of Gozag.
  5716 | D:8      | Found an iron altar of Okawaru.
  5814 | D:8      | Noticed Erica
  5832 | D:8      | Killed Erica
  5832 | D:8      | Reached XP level 10. HP: 86/91 MP: 10/10
  5880 | D:8      | You fall through a shaft for 3 floors!
  6002 | D:11     | Noticed a manticore
  6013 | D:11     | Killed a manticore
  6216 | D:11     | Noticed Maurice
  6224 | D:11     | Noticed a two-headed ogre
  6238 | D:11     | Killed a two-headed ogre
  6302 | D:11     | Killed Maurice
  6369 | D:11     | Killed an unseen horror
  6878 | D:11     | Reached XP level 11. HP: 82/100 MP: 10/10
  6941 | D:10     | Entered Level 10 of the Dungeon
  6941 | D:10     | Noticed Fannar
  6977 | D:10     | Killed Fannar
  7110 | D:10     | Reached **** piety under Makhleb
  7342 | D:10     | Found an ornate altar of the Wu Jian Council.
  7347 | D:10     | Noticed a two-headed ogre
  7356 | D:10     | Killed a two-headed ogre
  7703 | D:10     | Found Gomuth's Jewellery Shop.
  7872 | D:9      | Noticed Psyche
  8061 | D:9      | Found a staircase to the Lair.
  8066 | D:9      | Killed Psyche
  8203 | D:9      | Found a sparkling altar of Nemelex Xobeh.
  8825 | D:8      | Noticed Karim's ghost (novice GnWr)
  8929 | D:8      | Killed Karim's ghost
  9215 | Lair:1   | Entered Level 1 of the Lair of Beasts
  9880 | Lair:2   | Reached ***** piety under Makhleb
 10023 | Lair:2   | Found a staircase to the Swamp.
 10026 | Lair:2   | Noticed Gastronok
 10051 | Lair:2   | Killed Gastronok
 10051 | Lair:2   | Reached skill level 10 in Armour
 10051 | Lair:2   | Reached skill level 10 in Shields
 10051 | Lair:2   | Reached XP level 12. HP: 72/112 MP: 11/11
 10735 | Lair:3   | Reached skill level 10 in Axes
 10786 | Lair:3   | Noticed a four-headed hydra
 10791 | Lair:3   | Noticed a seven-headed hydra
 10805 | Lair:3   | Killed a three-headed hydra
 10810 | Lair:3   | Killed a one-headed hydra
 10810 | Lair:3   | Reached skill level 10 in Dodging
 11068 | Lair:3   | Found a staircase to the Snake Pit.
 12365 | Lair:5   | Found a staircase to the Slime Pits.
 12451 | Lair:5   | Reached XP level 13. HP: 121/121 MP: 12/12
 12915 | Lair:6   | Entered Level 6 of the Lair of Beasts
 13017 | Lair:6   | Noticed an entropy weaver
 13020 | Lair:6   | Noticed an entropy weaver
 13084 | Lair:6   | Killed an entropy weaver
 13093 | Lair:6   | Killed an entropy weaver
 13105 | Lair:6   | Reached ****** piety under Makhleb
 13108 | Lair:6   | Reached skill level 10 in Fighting
 13652 | Lair:6   | Gained mutation: You resist negative energy. (rN+) [Deep Dwarf growth]
 13652 | Lair:6   | Reached XP level 14. HP: 119/133 MP: 13/13
 13819 | Lair:6   | Got a crude war axe
 13820 | Lair:6   | Identified the cursed +0 war axe of the Original Sin {venom, rC+} (You found it on level 6 of the Lair of Beasts)
 13833 | Lair:6   | Identified the Handbook of Igneous Talismans
 14582 | D:12     | Identified a scroll of acquirement
 14587 | D:12     | Found a staircase to the Orcish Mines.
 15123 | Orc:1    | Entered Level 1 of the Orcish Mines
 15138 | Orc:1    | Paralysed by an orc sorcerer for 6 turns
 15148 | Orc:1    | Gained mutation: Your body sometimes deteriorates upon taking damage. [a neqoxec]
 15332 | Orc:2    | Entered Level 2 of the Orcish Mines
 15383 | Orc:2    | Found Xesifer's Antique Weapon Shoppe.
 15397 | Orc:2    | Found a roughly hewn altar of Beogh.
 15454 | Orc:2    | Found Opofoc's Antique Armour Emporium.
 15577 | Orc:2    | Found Plog's Assorted Antiques.
 15671 | Orc:2    | Found Hiunuh's Distillery.
 15677 | Orc:2    | Found Riuched's Assorted Antiques.
 15757 | Orc:1    | Noticed an orc warlord
 15775 | Orc:1    | Killed an orc warlord
 16230 | Orc:2    | Found a staircase to the Elven Halls.
 16292 | Orc:2    | Found Oty Jich's Distillery.
 16361 | Orc:2    | Found Buidiuvi's Antique Armour Boutique.
 16381 | Orc:2    | Found an ancient bone altar of Kikubaaqudgha.
 16381 | Orc:2    | Noticed Nergalle
 16405 | Orc:2    | Killed Nergalle
 16411 | Orc:2    | Noticed Erolcha
 16423 | Orc:2    | Killed Erolcha
 16454 | Orc:2    | Found a radiant altar of Vehumet.
 16491 | Orc:2    | Found a roughly hewn altar of Beogh.
 16491 | Orc:2    | Found Xola's Distillery.
 16522 | Orc:2    | Found Fudezioj's Gadget Shop.
 16772 | Orc:2    | Bought a smelly scale mail for 180 gold pieces
 16772 | Orc:2    | Bought a glowing helmet for 150 gold pieces
 16782 | Orc:2    | Identified the +3 scale mail of the Robin {rElec rF- rC+ rCorr} (You bought it in a shop on level 2 of the Orcish Mines)
 16799 | Orc:2    | Bought a shiny helmet for 150 gold pieces
 16866 | Orc:2    | Bought a pair of warped gloves for 275 gold pieces
 16866 | Orc:2    | Bought a glowing war axe for 188 gold pieces
 16877 | Orc:2    | Identified the +1 pair of gloves of Udait {rC- rN+ Dex+5} (You bought it in a shop on level 2 of the Orcish Mines)
 16914 | Orc:2    | Bought a runed war axe for 143 gold pieces
 16946 | Orc:2    | Bought a fine chain mail for 294 gold pieces
 16956 | Orc:2    | Identified the +0 chain mail "Coerail" {rC+ Str+2} (You bought it in a shop on level 2 of the Orcish Mines)
 17063 | D:13     | Found Juischaps's Elemental Accessories.
 17218 | D:13     | Reached XP level 15. HP: 97/142 MP: 9/9
 17273 | D:13     | Found a shattered altar of Ashenzari.
 17447 | D:13     | Noticed Josephine
 17473 | D:13     | Killed Josephine
 18024 | D:14     | Found Viazil's Gadget Shop.
 18105 | D:14     | Found a gate to the Vaults.
 18943 | D:15     | Entered Level 15 of the Dungeon
 19725 | D:15     | Reached XP level 16. HP: 152/152 MP: 10/10
 19930 | D:15     | Found a staircase to the Depths.
 20234 | Snake:1  | Entered Level 1 of the Snake Pit
 20235 | Snake:1  | Noticed Donald
 20282 | Snake:1  | Killed Donald
 20410 | Snake:1  | Noticed Azrael
 20447 | Snake:1  | Killed Azrael
 20654 | Snake:1  | HP: 3/154 [oklob plant/splash of acid (11)]
 20654 | Snake:1  | Splashed by an oklob plant's acid

Vault maps used:
D:1:      lightli_arrival_quake, ashenzari_altar_1
D:3:      corexii_shack_village, lemuel_crystal_altar, vehumet_crystals,
          st_stairs_1, minmay_cut_off
D:4:      cheibrodos_greedy_goblins, temple_fountains, first_ration,
          hangedman_decor_lopped, solitary_fountain, trog_wizard, uniq_menkaure,
          uniq_eustachio
D:5:      nicolae_overflow_hidden_temple, enter_ossuary_2,
          minmay_misc_feat_columns, sigmund_edmund_badplayer
D:6:      minitemple, serial_bayou_crossing
D:7:      kennysheep_little_box
D:8:      old_standard_altar, basic_altar, nrook_mini_vaults, uniq_erica
D:9:      kennysheep_mini, erik_lair_island, uniq_psyche
D:10:     basic_altar, serial_shops, shop, uniq_fannar
D:11:     grunt_livestock, uniq_maurice
D:12:     orc_0_dummy
D:13:     basic_altar, grunt_ministairs_4, nicolae_elemental_shop,
          uniq_josephine
D:14:     cheibrodos_ideogram_h, erik_vaults_1, minmay_holes, serial_shops, shop
D:15:     hangedman_depths_entry_try_elsewhere_first, minivault_24
Temple:   eino_temple_water
Lair:2:   swamp_mist_pool, uniq_gastronok
Lair:3:   guppyfry_snake_entry_island, infiniplex_staircase_pool_2,
          serial_bayou_shore_b
Lair:5:   dpeg_slime_entry_corner, hangedman_lair_unloving_vines
Lair:6:   gammafunk_lair_ancient_temple, serial_forest,
          infiniplex_forest_clump_medium, infiniplex_forest_clump_tiny,
          infiniplex_forest_lined_ring, infiniplex_forest_clump_small,
          infiniplex_forest_zigzag_1, infiniplex_forest_clump_medium,
          infiniplex_forest_zigzag_1, zaba_anthell
Snake:1:  dpeg_oklob_gauntlet, uniq_donald, uniq_azrael
Orc:2:    kennysheep_orc_mage_school, serial_shops, nicolae_shop_waterfront,
          nicolae_shop_competitors_out_of_business, shop, shop, shop,
          basic_altar
Ossuary:  ossuary_tomb_1

Skill      XL: |  1  2  3  4  5  6  7  8  9 10 11 12 13 14 15 16 |
---------------+-------------------------------------------------+-----
Dodging        | 1 2 3 4 5 6 7 9 10 11 12 13 14 | 14.1
Fighting       | 3 4 5 6 7 8 9 10 11 12 | 12.4
Axes           | 3 4 6 7 8 9 10 12 13 14 | 14.2
Armour         | 4 5 6 7 8 10 11 12 13 14 | 14.3
Shields        | 4 5 6 7 8 10 11 12 13 14 | 14.4
Invocations    | 2 5 6 |  6.0

Action                   |  1- 3 |  4- 6 |  7- 9 | 10-12 | 13-15 | 16-18 || total
-------------------------+-------+-------+-------+-------+-------+-------++-------
Melee: War axe           |   125 |    60 |       |       |       |       ||   185
       Hand axe          |       |    64 |   387 |   835 |  1821 |   249 ||  3356
       Scimitar          |       |       |       |    10 |    42 |       ||    52
Invok: Lesser Servant of |       |       |       |     2 |       |       ||     2
 Abil: Heal Wounds       |     1 |     2 |     5 |     7 |    11 |       ||    26
Evoke: Wand              |       |       |       |     3 |    13 |     6 ||    22
  Use: Scroll            |       |       |    13 |    12 |     4 |     4 ||    33
       Potion            |       |       |     5 |     1 |     1 |       ||     7
 Stab: Sleeping          |       |       |       |     1 |       |       ||     1
       Invisible         |       |       |       |     2 |     3 |       ||     5
       Distracted        |       |       |       |     2 |     1 |       ||     3
       Confused          |       |       |       |       |     1 |       ||     1
  Eat: Chunk             |     1 |     3 |    13 |    23 |    26 |     3 ||    69
Armor: Scale mail        |    68 |    54 |   129 |   235 |   416 |    28 ||   930
       Ring mail         |       |       |     2 |     5 |       |       ||     7
Dodge: Dodged            |    43 |    55 |   140 |   393 |   825 |    65 ||  1521
Block: Shield            |    68 |    80 |   169 |   532 |  1546 |   130 ||  2525
       Reflection        |       |       |       |       |    60 |    10 ||    70
       Rpst.: Scimitar   |       |       |       |     2 |     7 |       ||     9

Table legend:
 A = Spawn XP
 B = Non-spawn XP
 C = Spawn XP percentage of total XP
 D = Spawn monster count
 E = Non-spawn monster count
 F = Spawn count percentage of total count
 G = Total turns spent on level
                    A         B        C        D         E        F      G
               +---------+---------+-------+---------+---------+-------+---------
         Total |       0 |  169380 |   0.0 |       0 |     874 |   0.0 | 20654
               +---------+---------+-------+---------+---------+-------+---------
           D:1 |       0 |      43 |   0.0 |       0 |      26 |   0.0 |   623
           D:2 |       0 |      57 |   0.0 |       0 |      22 |   0.0 |   615
           D:3 |       0 |     466 |   0.0 |       0 |      42 |   0.0 |   752
           D:4 |       0 |     481 |   0.0 |       0 |      26 |   0.0 |   910
           D:5 |       0 |    1062 |   0.0 |       0 |      21 |   0.0 |   606
           D:6 |       0 |    1189 |   0.0 |       0 |      17 |   0.0 |   694
           D:7 |       0 |     912 |   0.0 |       0 |      19 |   0.0 |   833
           D:8 |       0 |    2374 |   0.0 |       0 |      12 |   0.0 |  1252
           D:9 |       0 |    1997 |   0.0 |       0 |      29 |   0.0 |   757
          D:10 |       0 |    2497 |   0.0 |       0 |      18 |   0.0 |   919
          D:11 |       0 |    5409 |   0.0 |       0 |      34 |   0.0 |  1190
          D:12 |       0 |    4139 |   0.0 |       0 |      31 |   0.0 |   575
          D:13 |       0 |   18353 |   0.0 |       0 |      61 |   0.0 |   899
          D:14 |       0 |   14903 |   0.0 |       0 |      44 |   0.0 |  1045
          D:15 |       0 |   30135 |   0.0 |       0 |      71 |   0.0 |  1079
        Lair:1 |       0 |    3068 |   0.0 |       0 |      17 |   0.0 |   692
        Lair:2 |       0 |    4399 |   0.0 |       0 |      18 |   0.0 |   844
        Lair:3 |       0 |   10774 |   0.0 |       0 |      35 |   0.0 |   930
        Lair:4 |       0 |    1975 |   0.0 |       0 |       8 |   0.0 |   711
        Lair:5 |       0 |    6516 |   0.0 |       0 |      19 |   0.0 |   771
        Lair:6 |       0 |   28826 |   0.0 |       0 |     112 |   0.0 |  1373
       Snake:1 |       0 |   10642 |   0.0 |       0 |      20 |   0.0 |   420
         Orc:1 |       0 |    6604 |   0.0 |       0 |      54 |   0.0 |   703
         Orc:2 |       0 |   12357 |   0.0 |       0 |      79 |   0.0 |  1195
       Ossuary |       0 |     202 |   0.0 |       0 |      39 |   0.0 |   224
               +---------+---------+-------+---------+---------+-------+---------
